 Dungeon Crawl Stone Soup version 0.29-a0-371-g91724d5b39 (webtiles) character file.

Game seed: 9693228046423097399

71 Hubjo the Firebug (level 4, -2/26 HPs)
             Began as a Deep Elf Fire Elementalist on May 2, 2022.
             Was a Follower of Wu Jian.
             Slain by an orc
             ... wielding a +0 hand axe
              (6 damage)
             ... on level 3 of the Dungeon.
             The game lasted 00:03:25 (3170 turns).

Hubjo the Firebug (Deep Elf Fire Elementalist)      Turns: 3170, Time: 00:03:26

Health: -2/26      AC:  2    Str:  5    XL:     4   Next: 5%
Magic:  9/11       EV: 13    Int: 20    God:    Wu Jian [*.....]
Gold:   83         SH:  0    Dex: 17    Spells: 9/10 levels left

rFire   . . .      SeeInvis .   i - +0 short sword
rCold   . . .      Faith    .   (no shield)
rNeg    . . .      Spirit   .   a - +0 robe
rPois   .          Reflect  .   (no helmet)
rElec   .          Harm     .   (no cloak)
rCorr   +          Rampage  .   (no gloves)
Will    .....                   (no boots)
Stlth   +++.......              (no amulet)
HPRegen 0.08/turn               l - ring of resist corrosion
MPRegen 0.12/turn               (no ring)

@: no status effects
A: no striking features
a: Renounce Religion


You were on level 3 of the Dungeon.
You worshipped Wu Jian.
Wu Jian was aware of your devotion.
You visited 1 branch of the dungeon, and saw 3 of its levels.

You collected 83 gold pieces.

Inventory:

Hand Weapons
 i - a +0 short sword (weapon)
Armour
 a - a +0 robe (worn)
Jewellery
 l - a ring of resist corrosion (left hand)
Wands
 s - a wand of iceblast (7)
Scrolls
 d - a scroll of teleportation
 j - 2 scrolls of blinking {unknown}
 k - 3 scrolls of identify {unknown}
 m - a scroll of fear
 o - a scroll of fog {unknown}
 p - a scroll of magic mapping {unknown}
 q - a scroll of enchant armour {unknown}
 r - a scroll of enchant weapon {unknown}
 t - a scroll of holy word {unknown}
Potions
 b - a potion of magic
 c - a potion of invisibility {unknown}
 e - a potion of attraction {unknown}
 f - a potion of ambrosia {unknown}
 g - 2 potions of might {unknown}
 h - 3 potions of brilliance {unknown}
 n - a potion of mutation {unknown}


   Skills:
 * Level 1.8 Fighting
 - Level 2.4 Dodging
 + Level 3.3 Stealth
 + Level 3.6 Spellcasting
 - Level 1.1 Conjurations
 + Level 3.8 Fire Magic


You had 9 spell levels left.
You knew the following spells:

 Your Spells              Type           Power      Damage    Failure   Level
a - Foxfire               Conj/Fire      52%        2x1d6     4%          1

Your spell library contained the following spells:

 Spells                   Type           Power      Damage    Failure   Level
 Scorch                   Fire           38%        2d6       4%          2
 Sandblast                Erth           6%         2d5       13%         1
 Conjure Flame            Conj/Fire      13%        6-21      14%         3
 Inner Flame              Hex/Fire       11%        N/A       19%         3
 Corpse Rot               Necr/Air       6%         N/A       21%         2
 Passwall                 Tmut/Erth      2%         N/A       21%         2
 Stone Arrow              Conj/Erth      10%        3d7       32%         3
 Gell's Gravitas          Tloc           3%         N/A       36%         3
 Lesser Beckoning         Tloc           3%         N/A       36%         3
 Teleport Other           Tloc           3%         N/A       36%         3
 Flame Wave               Conj/Fire      13%        2d6       43%         4
 Passage of Golubria      Tloc           3%         N/A       78%         4
 Excruciating Wounds      Necr           1%         N/A       98%         5
 Borgnjor's Revivificati  Necr           1%         N/A       100%        8
 Necromutation            Tmut/Necr      1%         N/A       100%        8
 Death's Door             Necr           1%         N/A       100%        9


Dungeon Overview and Level Annotations

Branches:
Dungeon (3/15)

Altars:
Wu Jian

Shops:
D:2 (


Message History

You conjure some foxfire!
You conjure some foxfire!
The foxfire hits the hobgoblin.
You kill the hobgoblin!
The Council accepts your kill.
The foxfire hits the orc.
The orc is severely wounded.
You have reached level 4!
You feel clever.
The foxfire hits the orc.
The orc is almost dead.
An adder comes into view.
You spin to attack the worm, but your attack speed is too slow for a blow to land.
You spin and attack the worm.
You barely miss the worm. The worm bites you.
You spin and attack the worm.
You hit the worm.
The worm is lightly wounded.
You spin and attack the worm.
You hit the worm.
The worm is moderately wounded.
The orc misses you. The worm bites you!
You spin and attack the worm.
You hit the worm.
The worm is heavily wounded.
The worm misses you.
You spin and attack the worm.
You hit the worm but do no damage.
The worm is heavily wounded.
You hit the worm but do no damage.
The worm is heavily wounded.
The orc hits you with a +0 hand axe. The worm barely misses you.
You hit the worm.
The worm is severely wounded.
The orc hits you with a +0 hand axe. The worm bites you.
* * * LOW HITPOINT WARNING * * *
The orc closely misses you.
You hit the worm.
You kill the worm!
The Council accepts your kill. The orc hits you with a +0 hand axe.
* * * LOW HITPOINT WARNING * * *
You spin and attack the orc.
You hit the orc but do no damage.
The orc is severely wounded.
The orc hits you with a +0 hand axe.
You die...

#.# ..... ######.##.#.#.
##.# .... #......###...#
...# ...######### ##)).
#### #.##.....# #.### .#
#.#..###.# #.#.. .#
#.'....<.#####.#.# .#
#.#..............# .#
##.##.....##....#.# .#
##o@.#####.#.....#.. ##
#.....#....#.....###
..S.......######...#....
#####.....# ###.#.###
##### ##!..##
######....[. ....# #####
#........### #####
#.#####..... #.##.#
#.##.#


You could see an adder (asleep) and an orc.

Vanquished Creatures
  An adder (D:2)
  A worm (D:3)
  3 ball pythons
  6 endoplasms
  3 giant cockroaches
  3 goblins
  10 hobgoblins
  7 jackals
  A quokka (D:1)
  A bat (D:1)
  4 frilled lizards
  9 kobolds
  2 rats (D:1)
51 creatures vanquished.

Vanquished Creatures (others)
  252 foxfires
252 creatures vanquished.

Grand Total: 303 creatures vanquished

Notes
Turn   | Place    | Note
-------+----------+-------------------------------------------
     0 | D:1      | Hubjo the Deep Elf Fire Elementalist began the quest for
                  | the Orb.
     0 | D:1      | Reached XP level 1. HP: 10/10 MP: 6/6
   423 | D:1      | Reached XP level 2. HP: 16/16 MP: 5/8
   714 | D:1      | Reached skill level 1 in Fighting
  1234 | D:1      | Reached XP level 3. HP: 20/20 MP: 2/9
  2208 | D:2      | Found Afaxouj's Antique Weapon Shop.
  2604 | D:3      | Found a faded altar of an unknown god.
  2639 | D:3      | Prayed at the altar of an unknown god.
  2639 | D:3      | Became a worshipper of the Wu Jian Council
  2639 | D:3      | Reached * piety under Wu Jian
  2726 | D:3      | Got Edies's Guide on Displaced Evil Magic
  3160 | D:3      | Reached XP level 4. HP: 26/26 MP: 8/11
  3170 | D:3      | Slain by an orc

Illustrated notes

Levels and vault maps discovered:
D:1:      dpeg_arrival_rooms_with_view, layout_basic
D:2:      layout_loops_ring, serial_shops, shop_fountains
D:3:      minmay_octagon_keep, layout_loops_cross,
          ebering_ecumenical_altar_abandoned, minmay_checkerbox

Skill      XL: |  1  2 |
---------------+-------+-----
Fighting       | 1 |  1.8
Stealth        | 3 |  3.3
Dodging        | |  2.4
Spellcasting   | |  3.6
Conjurations   | |  1.1
Fire Magic     | |  3.8

Action                   |  1- 3 |  4- 6 || total
-------------------------+-------+-------++-------
Melee: Short sword       |    13 |     9 ||    22
 Cast: Foxfire           |   176 |       ||   176
Invok: Whirlwind         |     2 |     6 ||     8
  Use: Scroll            |     2 |       ||     2
Armor: Robe              |     6 |       ||     6
Dodge: Dodged            |    31 |     4 ||    35

Table legend: (Time is in decaauts)
 A = Elapsed time spent in this place.
 B = Non-inter-level travel time spent in this place.
 C = Inter-level travel time spent in this place.
 D = Time resting spent in this place.
 E = Time spent auto-exploring this place.
 F = Levels seen in this place.
 G = Mean time per level.
                   A        B        C        D        E       F      G
               +--------+--------+--------+--------+--------+-----+--------+
         Total |   3169 |   3128 |     41 |      0 |   2757 |   3 | 1056.3 |
       Dungeon |   3169 |   3128 |     41 |      0 |   2757 |   3 | 1056.3 |
               +--------+--------+--------+--------+--------+-----+--------+

Top non-repeatable levels by time:
     D:1: 1398 daAuts
     D:2: 942 daAuts
     D:3: 828 daAuts
